 Dungeon Crawl Stone Soup version 0.18-a0-946-g3ac5b32 (webtiles) character file.

16049 GeneralIdiocy the Severer (level 12, -5/81 HPs)
             Began as a Formicid Fighter on Dec 29, 2015.
             Was the Champion of Cheibriados.
             Slain by a soul eater (7 damage)
             ... summoned by an orc high priest
             ... on level 2 of the Orcish Mines.
             The game lasted 00:22:20 (8968 turns).

GeneralIdiocy the Severer (Formicid Fighter)        Turns: 8968, Time: 00:22:21

Health: -5/81      AC: 18    Str: 52    XL:     12   Next: 65%
Magic:  12/12      EV: 13    Int: 25    God:    Cheibriados [******]
Gold:   1039       SH: 24    Dex: 25    Spells: 0 memorised, 11 levels left

rFire  . . .     SeeInvis +     Y - +0 battleaxe
rCold  . . .     Gourm    .     F - +5 chain mail "Raptyih" {-Cast rPois rC- Str+8}
rNeg   . . .     Faith    .     J - +0 large shield
rPois  +         Spirit   .     (helmet unavailable)
rElec  .         Dismiss  .     K - +0 cloak
rCorr  .         Reflect  .     G - +0 pair of gloves
SustAt .         Harm     .     (no boots)
MR     +....     NoCast   +     s - amulet of regeneration
Stlth  ..........               D - +5 ring of evasion
                                v - ring of protection from cold

@: mighty, drained, very slow, somewhat resistant to hostile enchantments,
extremely unstealthy
A: permanent stasis, dig shafts and tunnels, four strong arms, antennae 3,
talons 1
a: Dig, Shaft Self, Bend Time, Temporal Distortion, Slouch, Step From Time,
Renounce Religion


You were on level 2 of the Orcish Mines.
You worshipped Cheibriados.
Cheibriados was exalted by your worship.
You were very hungry.

You visited 3 branches of the dungeon, and saw 13 of its levels.

You collected 1314 gold pieces.
You spent 275 gold pieces at shops.

Inventory:

Hand Weapons
 a - a +0 war axe
 Y - a +0 battleaxe (weapon)
Missiles
 C - 6 throwing nets (quivered)
Armour
 b - a +0 scale mail
 c - a +0 shield
 B - a +0 chain mail
 F - the +5 chain mail "Raptyih" (worn) {-Cast rPois rC- Str+8}
   (You bought it in a shop on level 5 of the Dungeon)

   It affects your strength (+8).
   It makes you vulnerable to cold.
   It protects you from poison.
   It prevents spellcasting.
 G - a +0 pair of gloves (worn)
 J - a +0 large shield (worn)
 K - a +0 cloak (worn)
Jewellery
 d - an uncursed ring of sustain attributes
 l - an uncursed amulet of harm {unknown}
 s - an amulet of regeneration (around neck)
 v - a ring of protection from cold (left hand)
 D - a +5 ring of evasion (right hand)
 M - an uncursed ring of flight {unknown}
Wands
 k - a wand of draining (2/15)
 E - a wand of disintegration (0/24)
 H - a wand of slowing (12/48)
 P - a wand of paralysis (6/24)
 U - a wand of confusion (23/48)
 V - a wand of draining (0/15)
Scrolls
 g - 3 scrolls of identify
 i - a scroll of immolation {unknown}
 j - 11 scrolls of remove curse
 m - a scroll of teleportation {unknown}
 o - 5 scrolls of amnesia {unknown}
 q - a scroll of enchant weapon {unknown}
 r - 2 scrolls of magic mapping {unknown}
 t - 2 scrolls of enchant armour {unknown}
 y - 2 scrolls of recharging {unknown}
 z - a scroll of fear {unknown}
 R - a scroll of vulnerability {unknown}
 S - a scroll of fog {unknown}
 T - a scroll of random uselessness {unknown}
Potions
 e - a potion of brilliance
 h - 2 potions of flight
 p - a potion of poison
 u - a potion of mutation
 x - 2 potions of agility
 A - 5 potions of curing
 I - a potion of might
 L - a potion of ambrosia
 O - a potion of magic
 Q - a potion of cancellation {unknown}
Books
 w - a book of Beasts

   Spells                             Type                      Level
   a - Summon Butterflies             Summoning                    1
   b - Call Canine Familiar           Summoning                    3
   c - Summon Ice Beast               Ice/Summoning                4
   d - Summon Mana Viper              Hexes/Summoning              5
   e - Summon Hydra                   Summoning                    7
 X - a Necronomicon

   Spells                             Type                      Level
   a - Haunt                          Necromancy/Summoning         7
   b - Borgnjor's Revivification      Necromancy                   8
   c - Death's Door                   Charms/Necromancy            8
   d - Necromutation                  Transmutation/Necromancy     8
Comestibles
 f - 7 bread rations
 n - 3 meat rations
 N - 5 beef jerkies
 W - 12 royal jellies


   Skills:
 - Level 3.2(2.9) Fighting
 - Level 16.0(15.4) Axes
 + Level 8.6(8.2) Armour
 + Level 9.7(9.3) Shields


You had 11 spell levels left.
You didn't know any spells.

Dungeon Overview and Level Annotations

Branches:
Dungeon (10/15)            Temple (1/1) D:4            Lair (0/8) D:9
    Orc (2/2) D:10
    Elf: Orc:2

Altars:
Ashenzari
Cheibriados
Dithmenos
Elyvilon
Fedhas
Gozag
Kikubaaqudgha
Makhleb
Nemelex Xobeh
Okawaru
Pakellas
Qazlal
Ru
Sif Muna
Trog
Xom
Yredelemnul
Zin
The Shining One

Shops:
D:4 [   D:5 *[=*   D:8 }   D:10 :


Innate Abilities, Weirdness & Mutations

You are under a permanent stasis effect.
You can dig through walls and to a lower floor.
Your four strong arms can wield two-handed weapons with a shield.
You have a pair of large antennae on your head (SInv).
You have sharp toenails.


Message History

The orc high priest mumbles some strange prayers to Beogh against you.
Pain shoots through your body!
* * * LOW HITPOINT WARNING * * *
The orc sorcerer casts a spell.
The ynoxinul gestures.
The soul eater draws from the surrounding life force!
* * * LOW HITPOINT WARNING * * *
The orange demon stings you from afar.
* * * LOW HITPOINT WARNING * * *
You are poisoned.
The orange demon poisons you!
You hear a shout!
Drink which item? (? for menu, Esc to quit)
You feel better. You block the orc high priest's attack.
The orc priest mumbles some strange prayers to Beogh against you.
You resist with significant effort.
The orc sorcerer mumbles some strange words.
The soul eater hits you!
* * * LOW HITPOINT WARNING * * *
You feel drained.
You die...

#..............# ##.#
#..............# {
#........)[....# { {
#.......)......# {
##.....).......##
#....)))..#.)..# {{ .
#.....))..##.).## ...
##.........#..).##o4รท..
#..(.......##..@o5o53#
##..#...$...##3.o...##
#$......#....##.34###
#............#######
##..........##
####....#.## #..#### ..#


You could see a soul eater, an orc high priest, an orange demon, a neqoxec, a
ynoxinul, an orc sorcerer, a red devil, an orc warrior, an orc priest and 2
ufetubi.

Vanquished Creatures
  A centaur warrior (D:10)
  An orc high priest (Orc:2)
  The ghost of Sovek the Cleaver, a novice DsBe of Trog (D:8)
  3 orc knights
  An unseen horror (D:10)
  Pikel (D:6)
  The ghost of Sharkman1231 the Zephyrmancer, a novice TeVM of Okawaru (D:6)
  A troll (D:10)
  A queen bee (D:10)
  A two-headed ogre (D:8)
  Grinder (D:6)
  A vampire (D:10)
  The ghost of zornare the Ruffian, an amateur TrTm (D:4)
  3 hippogriffs
  2 hungry ghosts
  3 wargs
  A water moccasin (D:6)
  11 ogres
  17 orc warriors
  A black bear (D:9)
  2 necrophages
  A sky beast (D:9)
  9 centaurs
  3 slaves (D:6)
  2 ice beasts
  A crocodile (D:9)
  9 giant frogs
  A big kobold (D:8)
  5 scorpions
  36 killer bees
  6 crimson imps
  3 centaur zombies
  A giant frog zombie (D:5)
  A jelly (D:10)
  16 orc priests
  4 iguanas
  4 centaur skeletons
  5 hounds
  25 orc wizards
  Ijyb (D:3)
  12 worker ants
  A hound zombie (D:8)
  3 hound skeletons
  Robin (D:5)
  4 gnolls (D:8)
  10 adders
  3 river rats (D:9)
  2 shadow imps
  An ooze (D:1)
  2 adder skeletons
  2 worms
  78 orcs
  6 giant cockroaches
  20 goblins
  17 hobgoblins
  5 jackals
  4 quokkas
  5 ball pythons
  17 bats
  10 giant geckos
  A giant gecko zombie (D:6)
  12 giant newts
  A jackal zombie (D:6)
  7 kobolds
  18 rats
  A fungus (D:9)
  2 plants (D:9)
433 creatures vanquished.

Vanquished Creatures (others)
  A wizard (D:6)
  A slave (D:6)
  2 giant geckos (D:6)
  A giant cockroach (D:6)
  4 fungi (D:9)
  2 plants
11 creatures vanquished.

Grand Total: 444 creatures vanquished

Notes
Turn   | Place    | Note
--------------------------------------------------------------
     0 | D:1      | GeneralIdiocy the Formicid Fighter began the quest for the Orb.
     0 | D:1      | Reached XP level 1. HP: 18/18 MP: 1/1
    82 | D:1      | Reached XP level 2. HP: 21/24 MP: 2/2
   303 | D:1      | Reached XP level 3. HP: 22/29 MP: 3/3
   979 | D:2      | Reached XP level 4. HP: 35/35 MP: 4/4
   987 | D:2      | Reached skill level 4 in Axes
  1140 | D:2      | Found a shimmering altar of Xom.
  1672 | D:3      | Noticed Ijyb
  1674 | D:3      | Reached XP level 5. HP: 38/41 MP: 5/5
  1680 | D:3      | Killed Ijyb
  1680 | D:3      | Reached skill level 5 in Axes
  1788 | D:3      | Reached XP level 6. HP: 43/47 MP: 6/6
  1862 | D:3      | Reached skill level 6 in Axes
  2445 | D:4      | Reached skill level 7 in Axes
  2445 | D:4      | Reached XP level 7. HP: 42/52 MP: 7/7
  2658 | D:4      | Found a sacrificial altar of Ru.
  2659 | D:4      | Gained mutation: You have sharp toenails. [potion of beneficial mutation]
  2700 | D:4      | Reached skill level 8 in Axes
  2750 | D:4      | Found a staircase to the Ecumenical Temple.
  2904 | Temple   | Entered the Ecumenical Temple
  2939 | Temple   | Became a worshipper of Cheibriados the Contemplative
  3075 | D:4      | Noticed zornare's ghost (amateur TrTm)
  3090 | D:4      | Killed zornare's ghost
  3090 | D:4      | Reached XP level 8. HP: 58/58 MP: 8/8
  3134 | D:4      | Found a glowing silver altar of Zin.
  3228 | D:4      | Found Otuephus's Armour Shoppe.
  3284 | D:5      | Entered Level 5 of the Dungeon
  3308 | D:5      | Reached skill level 9 in Axes
  3375 | D:5      | Noticed Robin
  3385 | D:5      | Killed Robin
  3546 | D:5      | Found Hysy's Assorted Antiques.
  3555 | D:5      | Found Xuqon Lips's Antique Armour Emporium.
  3557 | D:5      | Found Subicoko's Jewellery Emporium.
  3562 | D:5      | Found Saggosm's General Store.
  3606 | D:5      | Reached * piety under Cheibriados
  3641 | D:5      | Reached skill level 10 in Axes
  3682 | D:5      | Bought a spiked chain mail for 275 gold pieces
  3683 | D:5      | Identified the +5 chain mail "Raptyih" {-Cast rPois rC- Str+8} (You bought it in a shop on level 5 of the Dungeon)
  3964 | D:5      | Reached XP level 9. HP: 46/64 MP: 9/9
  4105 | D:6      | Reached skill level 11 in Axes
  4138 | D:6      | Noticed Grinder
  4172 | D:6      | Killed Grinder
  4172 | D:6      | Reached ** piety under Cheibriados
  4249 | D:6      | Noticed Sharkman1231's ghost (novice TeVM)
  4263 | D:6      | Killed Sharkman1231's ghost
  4263 | D:6      | Reached skill level 12 in Axes
  4294 | D:6      | Noticed Pikel
  4324 | D:6      | Killed Pikel
  4324 | D:6      | Reached XP level 10. HP: 41/70 MP: 10/10
  4586 | D:6      | Found a deep blue altar of Sif Muna.
  4727 | D:6      | Found a stormy altar of Qazlal.
  4729 | D:6      | Reached skill level 13 in Axes
  4782 | D:6      | Found a bloodstained altar of Trog.
  4783 | D:6      | Noticed a wizard
  4788 | D:6      | Killed a wizard
  5055 | D:7      | Reached *** piety under Cheibriados
  5292 | D:7      | Reached skill level 14 in Axes
  5390 | D:7      | Reached **** piety under Cheibriados
  5819 | D:8      | Found an oddly glowing altar of Pakellas.
  5819 | D:8      | Found Pakellas's Prime Provisions.
  5843 | D:8      | Noticed Sovek's ghost (novice DsBe)
  5860 | D:8      | Killed Sovek's ghost
  5860 | D:8      | Reached XP level 11. HP: 61/75 MP: 11/11
  5966 | D:8      | Reached skill level 15 in Axes
  6149 | D:8      | Reached ***** piety under Cheibriados
  6688 | D:9      | Reached skill level 16 in Axes
  6744 | D:9      | Reached ****** piety under Cheibriados
  6867 | D:9      | Found a staircase to the Lair.
  7350 | D:9      | Found a shadowy altar of Dithmenos.
  7355 | D:9      | Found a bloodstained altar of Trog.
  7437 | D:10     | Entered Level 10 of the Dungeon
  7440 | D:10     | Noticed a centaur warrior
  7492 | D:10     | Killed a centaur warrior
  7492 | D:10     | Reached skill level 5 in Shields
  7508 | D:10     | Reached skill level 5 in Armour
  7656 | D:10     | Found Kyump's Book Shoppe.
  7917 | D:10     | Reached XP level 12. HP: 79/81 MP: 12/12
  8078 | D:10     | Found a staircase to the Orcish Mines.
  8415 | Orc:1    | Entered Level 1 of the Orcish Mines
  8726 | Orc:2    | Entered Level 2 of the Orcish Mines
  8958 | Orc:2    | Noticed an orc high priest
  8963 | Orc:2    | Killed an orc high priest
  8964 | Orc:2    | Noticed an orc high priest
  8965 | Orc:2    | Noticed a soul eater
  8968 | Orc:2    | HP: 2/81 [soul eater[an orc high priest] (15)]
  8968 | Orc:2    | Slain by a soul eater

Vault maps used:
D:1:      lightli_arrival_flooded_house, grunt_decor_cap, st_stairs_11,
          minmay_lizard_king
D:2:      xom_teletrap_fun, nrook_loot_triangle, minivault_14
D:3:      uniq_robin, uniq_iyjb
D:4:      nicolae_ru_great_annihilating_truth, lemuel_coloured_pillars_altar,
          temple_pool_a, first_bread, serial_shops, kennysheep_little_box
D:5:      serial_shops, shop_coins, nicolae_shop_waterfront, shop, shop,
          item_on_display_a
D:6:      kennysheep_spiral_hall, grunt_qazlal_clouds, kennysheep_mini_moat,
          trog_wizard, uniq_grinder, uniq_pikel
D:8:      johnstein_pakellas_shop, grunt_ogre_cave, kennysheep_small_square
D:9:      minitemple, grunt_lair_entry_orc_guard_hut, minivault_5
D:10:     erik_orc_4, serial_shops, shop, special_room
Temple:   triangle_lava_temple_12
Orc:1:    serial_shops
Orc:2:    grunt_orc_tribal_feast, basic_altar

Action                   |  1- 3 |  4- 6 |  7- 9 | 10-12 || total
-------------------------+-------+-------+-------+-------++-------
Melee: War axe           |   101 |   246 |   244 |   751 ||  1342
       Battleaxe         |       |       |       |     8 ||     8
 Abil: Dig               |       |       |     1 |       ||     1
Evoke: Wand              |       |       |     2 |     3 ||     5
  Use: Scroll            |       |     6 |     4 |     2 ||    12
       Potion            |       |       |     5 |     2 ||     7
 Stab: Paralysed         |       |       |     1 |       ||     1
  Eat: Chunk             |       |     5 |     5 |     9 ||    19
       Beef jerky        |       |       |     1 |     1 ||     2
       Pizza             |       |       |       |     1 ||     1
